 Dungeon Crawl Stone Soup version 0.27.0-1-g7a08968 (webtiles) character file.

Game seed: 7074125659690279591

271870 Illumine the Tortoise (level 19, -11/162 HPs)
             Began as a Minotaur Fighter on July 30, 2021.
             Was the Champion of Makhleb.
             Mangled by a rockslime (20 damage)
             ... created by the Royal Jelly
             ... on level 5 of the Pits of Slime on July 31, 2021.
             The game lasted 01:11:20 (36738 turns).

Illumine the Tortoise (Minotaur Fighter)           Turns: 36738, Time: 01:11:22

Health: -11/162    AC: 42    Str: 32    XL:     19   Next: 46%
Magic:  16/28      EV: 16    Int:  4    God:    Makhleb [******]
Gold:   926        SH: 29    Dex: 12    Spells: 18/18 levels left

rFire    + + .     SeeInvis .   a - +9 broad axe (elec)
rCold    + . .     Faith    +   K - +6 tower shield
rNeg     . . .     Spirit   .   U - +27 Lear's hauberk
rPois    +         Reflect  .   (helmet currently unavailable)
rElec    .         Harm     .   r - scarf {rC+ rF+}
rCorr    +         Rampage  .   (gloves currently unavailable)
Will     +....                  (boots currently unavailable)
Stlth    ..........             i - amulet of Impatience {Faith rF+ Str+5 Int+3}
HPRegen  0.37/turn              F - ring of Otyniar {rCorr EV+4 Int-4 Stlth+}
MPRegen  0.21/turn              l - ring of poison resistance

@: no status effects
A: horns 2, retaliatory headbutt, frail 1
}: 2/15 runes: decaying, gossamer
a: Renounce Religion, Minor Destruction, Lesser Servant of Makhleb, Major
Destruction, Greater Servant of Makhleb


You were on level 5 of the Pits of Slime.
You worshipped Makhleb.
Makhleb was exalted by your worship.
You visited 8 branches of the dungeon, and saw 38 of its levels.
You visited the Abyss 1 time.
You also visited: Sewer and Bailey.

You collected 4129 gold pieces.
You spent 3203 gold pieces at shops.

Inventory:

Hand Weapons
 a - a +9 broad axe of electrocution (weapon)
 E - the +10 great sword of Brawling {freeze, rC+ Will+ Str-2 Dex+7}
   (You took it off a wizard on level 11 of the Dungeon)

   It freezes those it strikes, dealing additional cold damage.
   It can also slow down cold-blooded creatures.
   Str:       It affects your strength (-2).
   Dex:       It affects your dexterity (+7).
   rC:        It protects you from cold.
   Will:      It increases your willpower.
 Q - the +10 dark maul {vorpal}
   (You found it on level 11 of the Dungeon)

   It inflicts extra damage upon your enemies.
 S - the +2 mace "Backscratcher" {vamp, Str+4}
   (You found it on level 1 of the Lair of Beasts)

   It occasionally heals its wielder for a portion of the damage dealt when it
   wounds a living foe.
   Str:       It affects your strength (+4).
 V - the +4 trident "Kuurphiza" {vorpal, +Rage rCorr Dex+2}
   (You found it on level 11 of the Dungeon)

   It inflicts extra damage upon your enemies.
   Dex:       It affects your dexterity (+2).
   +Rage:     It lets you go berserk.
   rCorr:     It protects you from acid and corrosion.
 W - the +6 dagger of Articulation {vorpal, rElec rF+ Str-4}
   (You took it off a skeletal warrior on level 11 of the Dungeon)

   It inflicts extra damage upon your enemies.
   Str:       It affects your strength (-4).
   rF:        It protects you from fire.
   rElec:     It insulates you from electricity.
Missiles
 N - 5 boomerangs (quivered)
Armour
 g - the +0 pair of gloves "Cinaah" {Regen+ Int+4 Dex-2}
   (You bought it in a shop on level 2 of the Orcish Mines)

   Int:       It affects your intelligence (+4).
   Dex:       It affects your dexterity (-2).
   Regen:     It increases your rate of health regeneration.
 r - a scarf of resistance (worn)
 K - a +6 tower shield (worn)
 U - the +27 Lear's hauberk (worn)
   (You bought it in a shop on level 5 of the Dungeon)
Jewellery
 b - a +4 ring of protection
 i - the amulet of Impatience (around neck) {Faith rF+ Str+5 Int+3}
   (You found it on level 3 of the Spider Nest)

   [amulet of faith]

   It allows you to gain divine favour quickly.
   Str:       It affects your strength (+5).
   Int:       It affects your intelligence (+3).
   rF:        It protects you from fire.
 j - a +6 ring of strength
 l - a ring of poison resistance (right hand)
 u - a ring of positive energy
 v - a ring of flight
 w - a +6 ring of intelligence
 z - a ring of positive energy
 B - the amulet "Tiebeigu" {Acrobat Str+4 Int-4 Slay+3}
   (You found it on level 6 of the Lair of Beasts)

   [amulet of the acrobat]

   It increases your evasion while moving and waiting.
   Str:       It affects your strength (+4).
   Int:       It affects your intelligence (-4).
   Slay:      It affects your accuracy & damage with ranged weapons and melee
   (+3).
 F - the ring of Otyniar (left hand) {rCorr EV+4 Int-4 Stlth+}
   (You bought it in a shop on level 5 of the Dungeon)

   [ring of evasion]

   EV:        It affects your evasion (+4).
   Int:       It affects your intelligence (-4).
   rCorr:     It protects you from acid and corrosion.
   Stlth:     It makes you more stealthy.
 Z - an amulet of magic regeneration
Wands
 p - a wand of digging (8)
 A - a wand of iceblast (56)
 I - a wand of charming (34)
 L - a wand of flame (112)
 R - a wand of paralysis (37)
 Y - a wand of acid (5)
Scrolls
 c - a scroll of holy word
 d - 3 scrolls of fog
 h - 8 scrolls of teleportation
 o - 3 scrolls of summoning
 t - 3 scrolls of magic mapping
 x - 2 scrolls of silence
 H - a scroll of fear
 J - a scroll of immolation
 M - 8 scrolls of blinking
 O - 4 scrolls of identify
 X - a scroll of torment
Potions
 e - 8 potions of ambrosia
 f - 3 potions of attraction
 k - 3 potions of berserk rage
 m - a potion of cancellation
 n - 2 potions of flight
 q - 8 potions of mutation
 s - a potion of heal wounds
 y - a potion of might
 C - 8 potions of curing
 D - 3 potions of haste
 G - 2 potions of invisibility
Miscellaneous
 P - a lightning rod (4/4)
 T - a tin of tremorstones (inert)


   Skills:
 * Level 18.9 Fighting
 - Level 18.0 Axes
 + Level 19.6 Armour
 + Level 10.3 Dodging
 + Level 16.9 Shields
 + Level 13.8 Invocations
 - Level 10.0 Evocations


You had 18 spell levels left.
You didn't know any spells.
Your spell library contained the following spells:

 Spells                   Type           Power      Damage    Failure   Level
 Magic Dart               Conj           0%         1d3       99%         1
 Shock                    Conj/Air       0%         1d3       99%         1
 Summon Small Mammal      Summ           0%         N/A       99%         1
 Blink                    Tloc           N/A        N/A       99%         2
 Corpse Rot               Necr/Air       N/A        N/A       99%         2
 Ensorcelled Hibernation  Hex/Ice        0%         N/A       99%         2
 Searing Ray              Conj           0%         3d3       99%         2
 Sublimation of Blood     Necr           0%         N/A       99%         2
 Wereblood                Tmut           0%         N/A       99%         2
 Call Canine Familiar     Summ           0%         N/A       100%        3
 Conjure Flame            Conj/Fire      0%         6-21      100%        3
 Gell's Gravitas          Tloc           0%         N/A       100%        3
 Ignite Poison            Fire/Tmut/Pois 0%         N/A       100%        3
 Ozocubu's Armour         Ice            0%         N/A       100%        3
 Spider Form              Tmut/Pois      0%         N/A       100%        3
 Stone Arrow              Conj/Erth      0%         3d7       100%        3
 Summon Guardian Golem    Hex/Summ       0%         N/A       100%        3
 Swiftness                Air            0%         N/A       100%        3
 Teleport Other           Tloc           0%         N/A       100%        3
 Tukima's Dance           Hex            0%         N/A       100%        3
 Airstrike                Air            0%         N/A       100%        4
 Animate Armour           Summ/Erth      0%         N/A       100%        4
 Animate Dead             Necr           0%         N/A       100%        4
 Dispel Undead            Necr           0%         3d6       100%        4
 Fulminant Prism          Conj/Hex       0%         3d6       100%        4
 Hailstorm                Conj/Ice       0%         3d3       100%        4
 Ice Form                 Ice/Tmut       0%         N/A       100%        4
 Passage of Golubria      Tloc           N/A        N/A       100%        4
 Sticky Flame             Conj/Fire      0%         2d3       100%        4
 Agony                    Necr           0%         N/A       100%        5
 Alistair's Intoxication  Tmut/Pois      0%         N/A       100%        5
 Blade Hands              Tmut           0%         N/A       100%        5
 Freezing Cloud           Conj/Ice/Air   0%         6-21      100%        5
 Irradiate                Conj/Tmut      0%         3d13      100%        5
 Manifold Assault         Tloc           0%         N/A       100%        5
 Metabolic Englaciation   Hex/Ice        0%         N/A       100%        5
 Yara's Violent Unravell  Hex/Tmut       0%         3d3       100%        5
 Conjure Ball Lightning   Conj/Air       0%         3x3d6     100%        6
 Death Channel            Necr           0%         N/A       100%        6
 Dispersal                Tloc           0%         N/A       100%        6
 Shadow Creatures         Summ           N/A        N/A       100%        6
 Simulacrum               Ice/Necr       0%         N/A       100%        6
 Dragon Form              Tmut           0%         N/A       100%        7
 Haunt                    Necr/Summ      0%         N/A       100%        7
 Storm Form               Tmut/Air       0%         N/A       100%        7
 Summon Hydra             Summ           0%         N/A       100%        7
 Discord                  Hex            0%         N/A       100%        8
 Disjunction              Tloc           0%         N/A       100%        8
 Infestation              Necr           0%         N/A       100%        8
 Lehudib's Crystal Spear  Conj/Erth      0%         10d2      100%        8
 Polar Vortex             Ice            0%         N/A       100%        9


Dungeon Overview and Level Annotations

Branches:
Dungeon (15/15)            Temple (1/1) D:6            Lair (6/6) D:11
  Swamp (4/4) Lair:3       Spider (4/4) Lair:4        Slime (5/5) Lair:5
    Orc (2/2) D:9             Elf (0/3) Orc:2        Vaults (1/5) D:13
 Depths (0/5) D:15          Sewer (visited)          Bailey (visited)

Altars:
Ashenzari
Cheibriados
Dithmenos
Elyvilon
Fedhas
Gozag
Hepliaklqana
Kikubaaqudgha
Makhleb
Nemelex Xobeh
Okawaru
Qazlal
Ru
Sif Muna
Trog
Uskayaw
Vehumet
Wu Jian
Xom
Yredelemnul
Zin
The Shining One
Jiyva

Shops:
D:5 [(=[(   D:6 (   D:8 *   D:14 ?   Orc:2 ![??

Portals:
Trove: D:13 (give 4 scrolls of fog)

Annotations:
D:8 exclusion: statue
Lair:1 2 transporters
Lair:5 exclusion: oklob plant
Lair:6 exclusion: oklob plant


Innate Abilities, Weirdness & Mutations

You have a pair of horns on your head.
You reflexively headbutt those who attack you in melee.
You are frail. (-10% HP)


Message History

You block the rockslime's attack.
A demon appears!
You block the rockslime's attack. x2
The rockslime misses you. You block the rockslime's attack.
The rockslime jiggles.
Your balrug hits the rockslime with a +1 demon whip of draining.
The rockslime is engulfed in flames.
The rockslime resists.
Your balrug drains the rockslime.
You block the rockslime's attack.
Unknown command.
You barely miss the rockslime.
The rockslime is heavily wounded.
You hit the rockslime. You slash the rockslime! You slice the rockslime!!
The great orb of eyes's inner flame fades away.
The rockslime barely misses you. You furiously retaliate!
You headbutt the rockslime! The rockslime misses you.
Your balrug hits the rockslime with a +1 demon whip of draining!
The rockslime is engulfed in flames.
The rockslime resists.
Your balrug drains the rockslime.
You block the rockslime's attack.
You hit the rockslime but do no damage. You headbutt the rockslime!
The rockslime is lightly wounded.
You slash the rockslime! You hit the rockslime but do no damage.
You hit the rockslime. You block the rockslime's attack.
The rockslime hits you but does no damage.
The rockslime closely misses your balrug.
Your balrug hits the rockslime with a +1 demon whip of draining!
The rockslime dies!
The rockslime hits you but does no damage.
The rockslime misses you.
Your Lear's hauberk prevents you from hitting the rockslime.
You headbutt the rockslime, but do no damage.
The rockslime is heavily wounded.
You hit the rockslime but do no damage. You slice the rockslime!!
You hit the rockslime but do no damage.
The rockslime's inner flame fades away.
The rockslime hits you!
* * * LOW HITPOINT WARNING * * *
You stumble backwards!
You block the rockslime's attack.
Your balrug gestures at the rockslime.
The sticky flame hits the rockslime but does no damage.
The rockslime is covered in liquid flames!
The rockslime hits you!!
You die...

.................#
.................###
...................#
........°.☼§......#
....G....§.§......####
.........☼○○....<..#.##
................J.....###
..............JJJ.......#
.............GJJ@.......###
.............2............#
.........................## .
..##.##.#.................#..
####.# ##...................#
..# ###................#.
#.## ##................. #.
##................ ##
#................#


You could see a great orb of eyes, 6 rockslimes and a friendly balrug
(summoned).

Vanquished Creatures
  the Royal Jelly (Slime:5)
  Arachne (Spider:2)
  15 acid blobs
  A thorn hunter (Swamp:4)
  2 rockslimes
  10 azure jellies
  A fenstrider witch (Swamp:1)
  6 ghost moths
  2 ghouls (Swamp:4)
  8 emperor scorpions
  A war gargoyle (Vaults:1)
  3 very ugly things (Swamp:4)
  10 quicksilver oozes
  An ironbound preserver (Vaults:1)
  A stone giant (D:15)
  Nessos (Lair:4)
  3 entropy weavers
  A dire elephant (Lair:4)
  5 bunyips
  2 green deaths (Swamp:4)
  2 eleionomae (Swamp:4)
  An ettin (Orc:2)
  Snorg (Orc:1)
  3 great orbs of eyes
  2 yaktaur captains
  Erolcha (Orc:2)
  2 hell beasts (Swamp:4)
  An ironbound thunderhulk (Vaults:1)
  17 hydras
  An ironbound frostheart (Vaults:1)
  3 ogre magi
  3 catoblepae (Lair:6)
  A rakshasa (Abyss:3)
  A ghost crab (Swamp:3)
  6 boulder beetles
  2 death knights
  5 centaur warriors
  10 two-headed ogres
  5 alligators
  15 death yaks
  3 tengu warriors
  An ironbound beastmaster (Vaults:1)
  A thrashing horror (Swamp:4)
  Nergalle (Lair:4)
  The ghost of Kave the Ruffian, a novice TrTm of Sif Muna (D:8)
  A sixfirhy (Abyss:3)
  A spatial maelstrom (Abyss:3)
  5 goliath frogs
  A death drake (Swamp:2)
  2 spriggan druids
  7 swamp dragons
  15 skeletal warriors
  A flayed ghost (D:10)
  2 ironbound convokers (Vaults:1)
  6 deep trolls
  3 wizards
  An orc knight (D:11)
  A harpy (shapeshifter) (D:11)
  6 bog bodies
  2 lindwurms
  An orc sorcerer (Orc:2)
  10 ugly things
  10 orb spiders
  8 cyclopes
  21 wolf spiders
  3 will-o-the-wisps
  3 worldbinders (Abyss:3)
  21 elephants
  A shining eye (Slime:1)
  5 manticores
  4 moths of wrath
  A frost giant skeleton (Abyss:2)
  6 black mambas
  4 eyes of devastation
  2 vault sentinels (Vaults:1)
  3 gargoyles
  A torpor snail (Spider:3)
  5 large abominations (Abyss:3)
  2 orange demons (Swamp:4)
  Maggie (Lair:2)
  A cane toad (shapeshifter) (D:15)
  2 rime drakes
  5 kobold demonologists
  17 cane toads
  An unseen horror (D:10)
  2 yaktaurs (D:13)
  7 komodo dragons
  10 demonic crawlers
  3 efreet
  2 queen bees
  An ancient zyme (Abyss:3)
  9 trolls
  6 meliai
  20 jumping spiders
  7 dream sheep (Lair:4)
  4 tyrant leeches
  12 blink frogs
  A raiju (Abyss:3)
  68 slime creatures
  21 hornets
  3 flying skulls (Abyss:3)
  Sigmund (D:4)
  42 redbacks
  20 tarantellas
  2 water elementals
  4 wraiths
  6 shadows
  11 spriggans
  61 yaks
  A fire elemental (D:13)
  9 wyverns
  5 basilisks
  A neqoxec (Abyss:3)
  6 small abominations (Abyss:3)
  3 steam dragons
  8 vampire mosquitoes
  2 wargs
  10 swamp worms
  An acid dragon (D:11)
  19 water moccasins
  A spatial vortex (Abyss:3)
  A floating eye (Slime:5)
  A sky beast (D:6)
  Purgy (Sewer)
  17 orc warriors
  23 ogres
  2 necrophages
  A boggart (D:11)
  14 wolves
  12 centaurs
  2 gnoll sergeants
  6 kobold brigands
  11 bullfrogs
  A wyvern zombie (D:7)
  7 scorpions
  A water moccasin skeleton (D:4)
  38 killer bees
  2 howler monkeys
  8 wights
  An electric eel (Lair:4)
  2 jellies (D:7)
  4 centaur zombies
  2 quasits (Abyss:3)
  A centaur skeleton (D:5)
  2 hounds
  6 orc priests
  A bullfrog skeleton (D:5)
  4 iguanas
  Terence (D:3)
  6 orc wizards
  A killer bee zombie (D:7)
  2 howler monkey zombies
  6 gnolls
  2 howler monkey skeletons (D:4)
  5 adders
  4 river rats (D:7)
  A worm (Lair:4)
  5 dart slugs
  50 orcs
  5 bats
  6 endoplasms
  14 giant cockroaches
  9 goblins
  2 hobgoblins
  5 jackals (D:1)
  5 quokkas
  3 ball pythons
  A frilled lizard (Sewer)
  11 kobolds
  21 rats
1081 creatures vanquished.

Vanquished Creatures (collateral kills)
  A rockslime (Slime:5)
  A hydra (Swamp:4)
  A swamp dragon (Swamp:4)
3 creatures vanquished.

Vanquished Creatures (others)
  An emperor scorpion (Spider:4)
  A hydra (Swamp:4)
  A spriggan druid (Swamp:4)
  3 bloated husks
  A redback (Spider:4)
  A swamp worm (Swamp:2)
  A killer bee (Lair:2)
  A ball lightning (Swamp:3)
  A bush (Lair:2)
  24 foxfires
  45 fungi
  114 plants
  14 starspawn tentacles (Abyss:3)
208 creatures vanquished.

Grand Total: 1292 creatures vanquished

Notes
Turn   | Place    | Note
-------+----------+-------------------------------------------
     0 | D:1      | Illumine the Minotaur Fighter began the quest for the Orb.
     0 | D:1      | Reached XP level 1. HP: 19/19 MP: 0/0
   407 | D:1      | Reached XP level 2. HP: 23/27 MP: 1/1
  1356 | D:2      | Reached XP level 3. HP: 32/33 MP: 2/2
  1627 | D:3      | Noticed Terence
  1639 | D:3      | Killed Terence
  1814 | D:3      | Reached XP level 4. HP: 41/41 MP: 3/3
  2105 | D:3      | Found a faded altar of an unknown god.
  2446 | D:4      | Reached skill level 4 in Armour
  2446 | D:4      | Reached XP level 5. HP: 47/47 MP: 4/4
  2499 | D:4      | Found a blossoming altar of Fedhas.
  2688 | D:4      | Reached skill level 5 in Axes
  2748 | D:4      | Found a glowing drain.
  2765 | Sewer    | Entered a sewer
  2797 | Sewer    | Noticed Purgy
  2806 | Sewer    | Killed Purgy
  2807 | Sewer    | Reached skill level 5 in Fighting
  2807 | Sewer    | Reached skill level 5 in Shields
  2807 | Sewer    | Reached XP level 6. HP: 36/56 MP: 5/5
  3310 | D:4      | Noticed Sigmund
  3334 | D:5      | Entered Level 5 of the Dungeon
  3344 | D:5      | Reached skill level 5 in Armour
  3344 | D:5      | Reached XP level 7. HP: 36/61 MP: 6/6
  3571 | D:5      | Found Gomig's Armour Shop.
  3575 | D:5      | Bought a +1 pair of boots for 149 gold pieces
  3707 | D:5      | Found Zoent's Weapon Shoppe.
  3728 | D:5      | Found Matalomn's Jewellery Emporium.
  3730 | D:5      | Found Tire's Antique Weapon Boutique.
  3739 | D:5      | Reached skill level 1 in Dodging
  4112 | D:5      | Found Femianat's Antique Armour Shoppe.
  4460 | D:6      | Noticed a steam dragon
  4475 | D:6      | Killed a steam dragon
  4476 | D:6      | Reached skill level 1 in Evocations
  4476 | D:6      | Reached XP level 8. HP: 37/70 MP: 7/7
  4652 | D:6      | Found a staircase to the Ecumenical Temple.
  4663 | Temple   | Entered the Ecumenical Temple
  4747 | Temple   | Became a worshipper of Makhleb the Destroyer
  4919 | D:6      | Found Ylilos's Antique Weapon Shop.
  5517 | D:7      | Reached skill level 1 in Invocations
  5830 | D:7      | Found a glowing silver altar of Zin.
  5860 | D:7      | Reached skill level 6 in Armour
  5956 | D:7      | Found an iron altar of Okawaru.
  6136 | D:7      | Found a hazy altar of Hepliaklqana.
  6520 | D:4      | Found a hide-covered altar of Uskayaw.
  6577 | D:4      | Found a shadowy altar of Dithmenos.
  6657 | D:4      | Killed Sigmund
  6658 | D:4      | Reached XP level 9. HP: 78/78 MP: 9/9
  6753 | D:8      | Found Engamiul's Assorted Antiques.
  6945 | D:7      | Reached * piety under Makhleb
  7262 | D:8      | Noticed Kave's ghost (novice TrTm)
  7266 | D:8      | Found a bloodstained altar of Trog.
  7266 | D:8      | Found a transporter.
  7276 | D:8      | Noticed a moth of wrath
  7282 | D:8      | Found a transporter.
  7301 | D:8      | Noticed a troll
  7335 | D:8      | Reached skill level 7 in Armour
  7425 | D:8      | Bought a tower shield for 139 gold pieces
  7444 | D:8      | Found a sparkling altar of Nemelex Xobeh.
  7614 | D:8      | You fall into a shaft and drop 2 floors!
  7614 | D:10     | Entered Level 10 of the Dungeon
  7636 | D:10     | Noticed a kobold demonologist
  7648 | D:10     | Noticed a red devil
  7654 | D:10     | Killed a kobold demonologist
  7679 | D:9      | Found a sacrificial altar of Ru.
  7784 | D:9      | Found a staircase to the Orcish Mines.
  7918 | D:9      | Reached skill level 10 in Axes
  7970 | D:9      | Found a flagged portal.
  7990 | Bailey   | Entered a bailey
  8011 | Bailey   | Reached XP level 10. HP: 88/88 MP: 11/11
  8275 | Bailey   | Acquired 911 gold pieces
  8276 | Bailey   | Acquired a manual of Armour
  8305 | Bailey   | Reached ** piety under Makhleb
  8469 | Bailey   | Noticed an orc knight
  8697 | D:9      | Found an iron altar of Okawaru.
  8702 | D:9      | Reached skill level 8 in Armour
  8877 | D:9      | Found an ancient bone altar of Kikubaaqudgha.
  9127 | D:10     | Noticed a flayed ghost
  9128 | D:10     | Found a glowing golden altar of the Shining One.
  9129 | D:10     | Noticed a death knight
  9133 | D:10     | Found a transporter.
  9167 | D:10     | Found a transporter.
  9174 | D:10     | Found a white marble altar of Elyvilon.
  9424 | D:10     | Noticed a gargoyle
  9431 | D:10     | Killed a gargoyle
  9605 | D:10     | Found an opulent altar of Gozag.
 10070 | D:11     | Reached skill level 9 in Armour
 10081 | D:11     | Noticed an ogre mage
 10085 | D:11     | Noticed an orc knight
 10086 | D:11     | Paralysed by an ogre mage for 4 turns
 10099 | D:11     | HP: 3/90 [something/bolt of magma (15)]
 10571 | D:8      | Found a radiant altar of Vehumet.
 10644 | D:8      | Reached skill level 5 in Invocations
 10962 | D:10     | Killed an ogre mage
 11185 | D:11     | Noticed a boulder beetle
 11203 | D:11     | Killed a boulder beetle
 11204 | D:11     | Reached skill level 5 in Evocations
 11204 | D:11     | Reached XP level 11. HP: 43/97 MP: 12/14
 11411 | D:11     | Noticed a harpy
 11417 | D:11     | Killed a harpy
 11419 | D:11     | Noticed a centaur warrior
 11425 | D:11     | Killed a centaur warrior
 11426 | D:11     | Reached skill level 10 in Armour
 11572 | D:11     | Noticed a boulder beetle
 11574 | D:11     | Found the +10 dark maul {vorpal}
 11574 | D:11     | Noticed a yaktaur captain
 11581 | D:11     | Killed a boulder beetle
 11724 | D:11     | Noticed a skeletal warrior
 11730 | D:11     | Killed a skeletal warrior
 11795 | D:11     | Noticed a four-headed hydra
 11804 | D:11     | Killed a two-headed hydra
 11831 | D:11     | Killed a yaktaur captain
 11832 | D:11     | Reached skill level 11 in Armour
 11832 | D:11     | Reached skill level 10 in Shields
 12072 | D:11     | Found a staircase to the Lair.
 12087 | Lair:1   | Entered Level 1 of the Lair of Beasts
 12135 | Lair:1   | Reached skill level 10 in Fighting
 12444 | Lair:1   | Identified the +2 mace "Backscratcher" {vamp, Str+4}
 12551 | Lair:1   | Noticed an eight-headed hydra
 12564 | Lair:1   | Killed an eight-headed hydra
 13077 | Lair:1   | Reached XP level 12. HP: 107/107 MP: 16/16
 13082 | Lair:1   | Found a transporter.
 13083 | Lair:1   | Reached *** piety under Makhleb
 13146 | Lair:1   | Found a transporter.
 13304 | Lair:1   | Reached skill level 12 in Armour
 13887 | Lair:2   | Noticed Maggie
 13887 | Lair:2   | Noticed a seven-headed hydra
 13887 | Lair:2   | Noticed an eight-headed hydra
 13979 | Lair:2   | Noticed a death yak
 13980 | Lair:2   | Noticed a death yak
 13982 | Lair:2   | Noticed a death yak
 13984 | Lair:2   | Noticed a death yak
 14552 | Orc:1    | Entered Level 1 of the Orcish Mines
 14874 | D:5      | Bought the +27 Lear's hauberk for 1691 gold pieces
 14874 | D:5      | Found the +27 Lear's hauberk
 15143 | Orc:2    | Entered Level 2 of the Orcish Mines
 15358 | Orc:2    | Noticed Erolcha
 15365 | Orc:2    | Cast into level 2 of the Abyss (Erolcha)
 15447 | Abyss:3  | Noticed an Executioner
 15467 | Abyss:3  | Noticed an angel
 15537 | Abyss:3  | Noticed a starcursed mass
 15551 | Abyss:3  | Noticed a profane servitor
 15560 | Abyss:3  | Found a corrupted altar of Lugonu.
 15645 | Abyss:3  | Noticed a tentacled starspawn
 15909 | Abyss:3  | Noticed a rakshasa
 15916 | Abyss:3  | Reached **** piety under Makhleb
 15927 | Abyss:3  | Noticed a satyr
 15927 | Abyss:3  | Noticed a rakshasa
 15929 | Abyss:3  | Noticed a rakshasa
 15941 | Abyss:3  | Reached skill level 13 in Armour
 15948 | Abyss:3  | Killed a rakshasa
 16054 | Abyss:3  | Noticed a blizzard demon
 16252 | Orc:2    | Escaped the Abyss
 16260 | Orc:2    | Killed Erolcha
 16261 | Orc:2    | Reached XP level 13. HP: 102/116 MP: 18/18
 16391 | Orc:2    | Found a staircase to the Elven Halls.
 16489 | Orc:2    | Noticed an ettin
 16494 | Orc:2    | Killed an ettin
 16506 | Orc:2    | Paralysed by something for 4 turns
 16510 | Orc:2    | Reached ***** piety under Makhleb
 16512 | Orc:2    | Noticed Snorg
 16515 | Orc:2    | Reached skill level 14 in Armour
 16542 | Orc:1    | Killed Snorg
 16877 | Orc:2    | Found Wiusemio's Antique Armour Boutique.
 16878 | Orc:2    | Found Aver's Magic Scroll Boutique.
 16885 | Orc:2    | Found Soecis's Distillery.
 16887 | Orc:2    | Bought a pair of jewelled gloves for 247 gold pieces
 16887 | Orc:2    | Identified the +0 pair of gloves "Cinaah" {Regen+ Int+4
                  | Dex-2} (You bought it in a shop on level 2 of the Orcish
                  | Mines)
 16894 | Orc:2    | Found Duog's Magic Scroll Shop.
 16898 | Orc:2    | Bought 2 potions of degeneration for 28 gold pieces
 16898 | Orc:2    | Bought a potion of invisibility for 112 gold pieces
 16925 | Orc:2    | Bought a scroll of enchant weapon for 97 gold pieces
 16926 | Orc:2    | Bought a scroll of teleportation for 39 gold pieces
 16926 | Orc:2    | Bought a scroll of teleportation for 39 gold pieces
 17208 | D:11     | Identified the +10 great sword of Brawling {freeze, rC+
                  | Will+ Str-2 Dex+7}
 17221 | D:11     | Upgraded the game from 0.27-b1-16-g6517624 to
                  | 0.27.0-1-g7a08968
 17656 | D:11     | Identified the +4 trident "Kuurphiza" {vorpal, +Rage rCorr
                  | Dex+2}
 17714 | D:11     | Identified the +6 dagger of Articulation {vorpal, rElec rF+
                  | Str-4}
 18170 | D:12     | Reached XP level 14. HP: 126/126 MP: 19/19
 18300 | D:12     | Reached skill level 15 in Armour
 18326 | D:12     | Reached skill level 15 in Axes
 19426 | D:13     | Found a portal to a secret trove of treasure.
 19584 | Orc:2    | Bought a scroll of fog for 26 gold pieces
 19830 | D:13     | Found a gate to the Vaults.
 20484 | D:14     | Found Nidoash's Magic Scroll Emporium.
 20504 | D:14     | Identified the +1 pair of gloves of Cocytus {Int+2 Stlth+}
 20510 | D:14     | Bought a scroll of enchant weapon for 120 gold pieces
 20802 | D:14     | Found a shimmering blue altar of Sif Muna.
 20969 | D:15     | Entered Level 15 of the Dungeon
 21153 | D:15     | Found a staircase to the Depths.
 21153 | D:15     | Noticed a stone giant
 21159 | D:15     | Killed a stone giant
 21223 | D:15     | Reached ****** piety under Makhleb
 21590 | D:15     | Reached skill level 10 in Invocations
 22159 | D:15     | Reached skill level 16 in Armour
 22560 | Lair:2   | Killed Maggie
 22725 | D:8      | Killed Kave's ghost
 23124 | Lair:2   | Reached XP level 15. HP: 127/135 MP: 21/21
 24053 | Lair:2   | Got the Collected Works on Envenoming and Necromancy
 24225 | Lair:3   | You fall into a shaft and drop 1 floor!
 24225 | Lair:4   | Noticed Nergalle
 24230 | Lair:4   | Killed Nergalle
 24808 | Lair:4   | Found a hole to the Spider Nest.
 24948 | Lair:4   | Noticed Nessos
 24963 | Lair:4   | Paralysed by a spriggan for 4 turns
 24981 | Lair:4   | Killed Nessos
 25603 | Spider:1 | Entered Level 1 of the Spider Nest
 25636 | Lair:5   | Found a viscous altar of Jiyva.
 25636 | Lair:5   | Found a staircase to the Slime Pits.
 25703 | Lair:5   | Reached skill level 17 in Armour
 26553 | Lair:6   | Entered Level 6 of the Lair of Beasts
 27214 | Lair:6   | Reached XP level 16. HP: 145/145 MP: 23/23
 27562 | Lair:6   | Identified the amulet "Tiebeigu" {Acrobat Str+4 Int-4
                  | Slay+3}
 27878 | Lair:6   | Found a shimmering altar of Xom.
 28529 | Spider:1 | Identified the +0 pair of boots of Xotzaed {rC- Dex+6}
 29173 | Spider:2 | Noticed Arachne
 29182 | Spider:2 | Killed Arachne
 29183 | Spider:2 | Reached skill level 10 in Evocations
 29929 | Spider:2 | Reached skill level 5 in Dodging
 30293 | Spider:3 | Identified the amulet of Impatience {Faith rF+ Str+5 Int+3}
 30421 | Spider:4 | Entered Level 4 of the Spider Nest
 30658 | Spider:4 | Reached skill level 15 in Fighting
 30664 | Spider:4 | Reached skill level 18 in Armour
 30664 | Spider:4 | Reached XP level 17. HP: 152/156 MP: 24/24
 30910 | Spider:4 | Reached skill level 15 in Shields
 31108 | Spider:4 | Got a gossamer rune of Zot
 31601 | Lair:3   | Found a staircase to the Swamp.
 31641 | Swamp:1  | Entered Level 1 of the Swamp
 31705 | Swamp:1  | Paralysed by a fenstrider witch for 5 turns
 32935 | Swamp:4  | Entered Level 4 of the Swamp
 33148 | Swamp:4  | Found the +5 robe of Night {Dark Will+ SInv}
 33240 | Swamp:4  | Reached XP level 18. HP: 168/168 MP: 26/26
 33831 | Swamp:4  | Paralysed by a great orb of eyes for 7 turns
 33844 | Swamp:4  | Paralysed by a great orb of eyes for 4 turns
 33871 | Swamp:4  | Got a decaying rune of Zot
 34325 | Vaults:1 | Entered Level 1 of the Vaults
 34485 | Vaults:1 | Reached skill level 19 in Armour
 35311 | D:5      | Bought the ring of Otyniar {rCorr EV+4 Int-4 Stlth+} for
                  | 516 gold pieces
 35527 | Slime:1  | Entered Level 1 of the Pits of Slime
 35544 | Slime:1  | Gained mutation: You are frail. (-10% HP) [a shining eye]
 36050 | Slime:5  | Entered Level 5 of the Pits of Slime
 36072 | Slime:5  | Reached XP level 19. HP: 161/161 MP: 28/28
 36402 | Slime:5  | Reached skill level 10 in Dodging
 36409 | Slime:5  | Paralysed by a floating eye for 3 turns
 36685 | Slime:5  | Noticed the Royal Jelly
 36728 | Slime:5  | Killed the Royal Jelly
 36738 | Slime:5  | Mangled by a rockslime

Illustrated notes

Levels and vault maps discovered:
D:1:      dpeg_arrival_simpleton_b, layout_basic
D:2:      layout_rooms
D:3:      layout_basic, shapermc_ecumenical_altar_mp_urbaneastern, uniq_terence
D:4:      layout_loops_cross, mainiacjoe_overflow_small_starburst,
          mainiacjoe_overflow_surrounded_room,
          nicolae_dithmenos_through_a_glass_darkly, gup_sewer_entry_glass,
          minmay_rat_hole, uniq_sigmund
D:5:      layout_loops_ring, serial_shops, nicolae_shop_behind_doors, shop,
          nicolae_shop_crystal, nicolae_lakefront_shop,
          nicolae_shop_overgrown_old_shop
D:6:      layout_cave_pods, temple_fountains, serial_shops, shop
D:7:      wad_woods_stonehenge, layout_basic, mainiacjoe_overflow_24_doors,
          mainiacjoe_overflow_alcove_2, serial_glass, glass_columns_a,
          glass_columns_a, glass_columns_a, glass_columns_c, item_on_display_a,
          feat_on_display, due_unseen_surprise, lemuel_flamethrower_1
D:8:      layout_cave_pools, vehumet_statue, mainiacjoe_overflow_tiny_flanked,
          serial_shops, shop, gammafunk_ghost_wrathful_warriors
D:9:      layout_roguey, okawaru_trees_1, nicolae_kikubaaqudgha_miasma_corner,
          mainiacjoe_overflow_concentric_impassable, orc_0_dummy,
          enter_bailey_5, nrook_loot_triangle
D:10:     layout_stronghold, overflow_temple_1_default, general_overflow_altar,
          gammafunk_temple_overflow_arena
D:11:     minmay_cut_squares, layout_long_grid, david_lair_shrubbed,
          minmay_evil_grid
D:12:     layout_grid_maze, serial_co_window_serial, co_window_corner_a,
          co_window_of_opportunity_a, co_window_of_opportunity_a,
          co_window_paths_a, co_window_corner_a, co_window_paths_a,
          co_window_corner_cb, co_window_of_opportunity_b,
          co_window_unsneaky_path_e, co_window_paths_d, glass_columns_a,
          glass_columns_a, glass_columns_a, glass_columns_b, glass_columns_a
D:13:     layout_basic, david_vaults_2, trove_entry_hex_spiral,
          grunt_decor_junction, hex_intersection
D:14:     layout_irregular_city, serial_shops, shop, fountainhead,
          lemuel_blue_sif_altar
D:15:     grunt_enter_depths_snipers, layout_cave_pods,
          hangedman_decor_peaks_small, hex_large
Temple:   chequers_temple_sunken
Lair:1:   gammafunk_cloud_chamber, layout_cave_pods, grunt_megastairs_2
Lair:2:   regret_index_bee_streams, layout_small_grid,
          infiniplex_staircase_pool_2, uniq_maggie
Lair:3:   layout_loops_ring, skrybe_swamp_entry_bodies, beast_lair_carwin_4
Lair:4:   mu_elephants_graveyard, layout_cave_pods,
          nicolae_spider_entry_non_spiders, st_stairs_6, serial_bayou_shore_a,
          uniq_nessos, uniq_nergalle
Lair:5:   layout_small_grid, slime_altar_1, chequers_serial_rivers_room_a,
          minmay_stone_trees_medium, st_stairs_4, grunt_megastairs_4
Lair:6:   evilmike_catoblepas_cave, layout_loops_ring, basic_altar,
          minmay_lair_oklob_bushes, lemuel_fruit_tree
Swamp:1:  layout_basic_swamp, serial_swamp_ruin, hangedman_swamp_ruin_wall,
          evilmike_swamp_ruin_rubble_2, evilmike_swamp_ruin_house_5
Swamp:2:  layout_basic_swamp, nicolae_swamp_little_swirl, uniq_jorgrun
Swamp:3:  layout_basic_swamp, evilmike_swamp_ruin_house_2, swamp_pool1,
          hangedman_swamp_phenomena
Swamp:4:  swamp_vile, layout_basic_swamp, swamp_pool1
Spider:1: layout_spider_delve, nicolae_spider_moth_buddies
Spider:2: layout_chambers, drop_trap, uniq_arachne
Spider:3: layout_spider_delve, nicolae_spider_swamp_cousins, uniq_aizul,
          uniq_donald
Spider:4: guppyfry_spider_rune, special_room [special_room_bee]
Slime:1:  layout_caves
Slime:2:  layout_caves
Slime:3:  layout_caves
Slime:4:  nicolae_slime_jelly_donut, layout_caves
Slime:5
Orc:1:    layout_caves, uniq_erica
Orc:2:    st_orc_open, layout_diamond_mine, uniq_snorg, uniq_erolcha
Vaults:1: v_misc_2, grunt_vaults_trifunnel, v_pattern_5, vaults_room_pool,
          ontoclasm_vaults_misaligned, v_misc_11,
          nicolae_vaults_little_squares_3, vaults_mumra_lcd, v_alt_pattern_1,
          nicolae_vaults_sealed_display, v_misc_8, layout_vaults_omnicross

Skill      XL: |  1  2  3  4  5  6  7  8  9 10 11 12 13 14 15 16 17 18 19 |
---------------+----------------------------------------------------------+-----
Axes           | 3 4 5 6 7 8 10 11 12 13 14 16 17 18 | 18.0
Fighting       | 4 5 6 7 9 10 11 12 13 15 16 18 | 18.9
Shields        | 4 5 6 7 8 9 10 11 12 13 14 15 16 | 16.9
Armour         | 4 5 6 7 9 11 13 14 16 17 18 19 | 19.6
Dodging        | 2 5 7 9 10 | 10.3
Evocations     | 1 2 3 5 6 7 8 9 10 | 10.0
Invocations    | 2 3 5 6 8 9 10 11 12 13 | 13.8

Action                   |  1- 3 |  4- 6 |  7- 9 | 10-12 | 13-15 | 16-18 | 19-21 || total
-------------------------+-------+-------+-------+-------+-------+-------+-------++-------
Melee: War axe           |    68 |    99 |   202 |    81 |       |       |       ||   450
       Headbutt          |    12 |    13 |    49 |    97 |   214 |   284 |    27 ||   696
       Broad axe         |       |       |       |   320 |   750 |   967 |    84 ||  2121
       Unarmed           |       |       |       |    20 |       |       |       ||    20
       Scimitar          |       |       |       |     5 |       |       |       ||     5
       Mace              |       |       |       |     4 |    32 |    65 |       ||   101
Throw: Dart              |       |     1 |     3 |     1 |       |       |       ||     5
Invok: Lesser Servant of |       |       |       |       |     1 |       |       ||     1
       Greater Servant o |       |       |       |       |       |     1 |     1 ||     2
Evoke: Wand              |       |       |     5 |    15 |     1 |       |       ||    21
       Lightning rod     |       |       |       |     6 |     3 |     9 |     3 ||    21
       Tin of tremorston |       |       |       |     2 |       |     3 |     2 ||     7
  Use: Potion            |       |     1 |     1 |     2 |     3 |     7 |     5 ||    19
       Scroll            |       |       |     9 |    19 |     9 |    11 |     2 ||    50
 Stab: Petrifying        |       |       |       |       |     2 |       |       ||     2
       Petrified         |       |       |       |       |     1 |       |       ||     1
       Held in net/web   |       |       |       |       |       |     1 |       ||     1
Armor: Scale mail        |    32 |     3 |       |       |       |       |       ||    35
       Chain mail        |       |    31 |    94 |   255 |   637 |   901 |    51 ||  1969
Dodge: Dodged            |    26 |    24 |    48 |   124 |   226 |   374 |    33 ||   855
Block: Kite shield       |    31 |    65 |    90 |       |       |       |       ||   186
       Tower shield      |       |       |    45 |   541 |  1068 |  1624 |   126 ||  3404
       Rpst.: Scimitar   |       |       |       |     1 |       |       |       ||     1
